 Dungeon Crawl Stone Soup version 0.32-a0-799-g95e1662365 (webtiles) character file.

Game seed: 10636260794417225194

527 Aneyh the Spear-Bearer (level 7, 0/41 HPs)
             Began as a Tengu Monk on Mar 22, 2024.
             Slain by a kobold
             ... wielding the +8 demon trident "Rift" {distort, reach+}
              (4 damage)
             ... on level 4 of the Dungeon.
             The game lasted 00:06:02 (3344 turns).

Aneyh the Spear-Bearer (Tengu Monk)                 Turns: 3344, Time: 00:06:03

Health: 0/41       AC: 12    Str: 11    XL:     7   Next: 23%
Magic:  8/8        EV: 15    Int: 13    God:
Gold:   187        SH:  0    Dex: 16    Spells: 6/6 levels left

rFire   + . .        p - +0 trident
rCold   . . .        (no shield)
rNeg    . . .        v - +2 ring mail {rPois}
rPois   +            (helmet restricted)
rElec   .            (no cloak)
rCorr   .            q - +0 pair of gloves
SInv    .            (boots unavailable)
Will    .....        (no amulet)
Stlth   +            g - +4 ring of protection
HPRegen 0.26/turn    e - ring of protection from fire
MPRegen 0.11/turn

%: acrobat
@: about to teleport, flying
A: beak, talons 3, evasive flight, acrobatic
a: no special abilities


You were on level 4 of the Dungeon.
You visited 1 branch of the dungeon, and saw 4 of its levels.
You also visited: Sewer.

You collected 187 gold pieces.

Inventory:

Hand Weapons
 a - a +0 spear
 f - a +0 mace
 p - a +0 trident (weapon)
 u - a +3 dagger
Missiles
 s - 4 poisoned darts (quivered)
Armour
 b - a +0 robe
 d - an orb of light
 q - a +0 pair of gloves (worn)
 v - a +2 ring mail of poison resistance (worn)
Jewellery
 e - a ring of protection from fire (right hand)
 g - a +4 ring of protection (left hand)
 n - a ring of resist corrosion
Wands
 k - a wand of acid (12)
 t - a wand of warping (13)
Potions
 c - a potion of resistance {unknown}
 h - a potion of brilliance
 j - a potion of attraction {unknown}
 l - a potion of heal wounds {unknown}
 m - a potion of mutation {unknown}
 o - a potion of curing {unknown}
 r - a potion of might {unknown}


   Skills:
 - Level 3.0 Fighting
 * Level 8.0 Polearms
 - Level 5.0 Dodging


You had 6 spell levels left.
You didn't know any spells.
Your spell library contained the following spells:

 Spells                   Type           Power      Damage    Failure   Level
 Mercury Vapours          Alch/Air       0%         N/A       75%         2
 Gell's Gravitas          Tloc           0%         N/A       92%         3
 Mephitic Cloud           Conj/Alch/Air  0%         N/A       92%         3
 Teleport Other           Tloc           0%         N/A       92%         3
 Freezing Cloud           Conj/Ice/Air   0%         6-21      100%        5
 Dispersal                Tloc           0%         N/A       100%        6


Dungeon Overview and Level Annotations

Branches:
Dungeon (4/15)              Sewer (visited)
 Temple: D:4-7

Altars:

Annotations:
D:3 1 runed translucent door, backslashecho's ghost, weakling DgSh


Innate Abilities, Weirdness & Mutations

You have a beak for a mouth.
You have claws for feet.
Your magical flight helps you evade attacks. (EV +4)
You can magically evade attacks while moving or waiting.


Message History

The iguana is severely wounded.
You hear a shout!
The iguana closely misses you.
You barely miss the iguana. You claw the iguana.
The iguana is almost dead.
The gnoll barely misses you. The iguana misses you.
The gnoll attacks as it pursues you! The gnoll hits you but does no damage.
You hit the gnoll but do no damage. You claw the gnoll.
Your peck misses the gnoll.
The gnoll is moderately wounded.
The gnoll closely misses you.
You closely miss the gnoll. You claw the gnoll.
You peck the gnoll, but do no damage.
The gnoll is heavily wounded.
The gnoll barely misses you. The gnoll attacks as it pursues you!
The gnoll closely misses you.
You hit the gnoll. You claw the gnoll, but do no damage.
The gnoll is almost dead.
The iguana barely misses you. The kobold barely misses you.
The gnoll closely misses you.
You barely miss the gnoll. You claw the gnoll.
You kill the gnoll!
The iguana misses you. The kobold misses you.
You barely miss the iguana. Your peck misses the iguana.
The iguana is almost dead.
The iguana misses you. The kobold misses you.
You hit the iguana.
You kill the iguana!
The kobold hits you from afar with the +8 demon trident "Rift".
Space warps horribly around you!
Your Polearms skill increases to level 8!
You closely miss the kobold. The kobold hits you but does no damage.
The kobold hits you from afar with the +8 demon trident "Rift".
Space warps around you.
As you read the scroll of teleportation, it crumbles to dust.
You feel strangely unstable. The kobold closely misses you.
The kobold hits you from afar with the +8 demon trident "Rift"!
* * * LOW HITPOINT WARNING * * *
Space warps around you.
You die...

.. .#####...##.#
. #...##.#
#....#.#
####.#.#
####...#
#......#########
#.####.##...<..#
.. #..#......#
#. ##@†.†....#
#. ##K......# #
##......#
#K.....#
#########......#
...............#
..........######
......KK...#
.......?...#


You could see 2 kobolds.

Vanquished Creatures
  Pargi (Sewer)
  A kobold brigand (Sewer)
  2 bombardier beetles
  A hound (D:4)
  A jelly (Sewer)
  Jessica (D:3)
  Ijyb (D:3)
  2 iguanas (D:4)
  2 gnolls
  3 adders
  3 river rats (D:3)
  A dart slug (D:2)
  4 ribbon worms
  4 endoplasms
  4 giant cockroaches
  3 goblins (D:1)
  3 hobgoblins (D:1)
  3 jackals (D:2)
  4 quokkas
  2 ball pythons (D:2)
  2 bats
  4 frilled lizards
  8 kobolds
  6 rats
  A spectral kobold (D:1)
67 creatures vanquished.

Notes
Turn   | Place    | Note
-------+----------+-------------------------------------------
     0 | D:1      | Aneyh the Tengu Monk began the quest for the Orb.
     0 | D:1      | Reached XP level 1. HP: 14/14 MP: 2/2
   152 | D:2      | Reached XP level 2. HP: 19/19 MP: 3/3
   292 | D:1      | Found a faded altar of an unknown god.
   338 | D:1      | Reached skill level 4 in Polearms
   478 | D:1      | Reached XP level 3. HP: 23/23 MP: 4/4
  1307 | D:2      | Reached skill level 5 in Polearms
  1307 | D:2      | Reached XP level 4. HP: 13/28 MP: 5/5
  1876 | D:3      | Found a runed translucent door.
  1877 | D:3      | Noticed backslashecho's ghost (weakling DgSh)
  2144 | D:3      | Reached XP level 5. HP: 25/32 MP: 6/6
  2165 | D:3      | Noticed Jessica
  2172 | D:3      | Killed Jessica
  2287 | D:3      | Found a glowing drain.
  2295 | D:3      | Reached skill level 6 in Polearms
  2302 | Sewer    | Entered a sewer
  2396 | Sewer    | Noticed Pargi
  2405 | Sewer    | Killed Pargi
  2406 | Sewer    | Reached XP level 6. HP: 16/37 MP: 7/7
  2499 | Sewer    | Reached skill level 7 in Polearms
  2499 | Sewer    | Reached skill level 5 in Dodging
  2818 | D:3      | Noticed Ijyb
  2834 | D:3      | Killed Ijyb
  2835 | D:3      | Gained mutation: Your magical flight helps you evade
                  | attacks. (EV +4) [Tengu growth]
  2835 | D:3      | Reached XP level 7. HP: 14/41 MP: 8/8
  3343 | D:4      | Reached skill level 8 in Polearms
  3344 | D:4      | Slain by a kobold

Illustrated notes

Levels and vault maps discovered:
D:1:      dpeg_arrival_tiny_a, layout_basic,
          dreamdust_ecumenical_altar_drowned_temple, serial_bayou_pond_c
D:2:      layout_loops_cross
D:3:      layout_loops_ring, gammafunk_ghost_grave, portal_sewer_entry_e,
          minmay_misc_feat_chi, serial_park_tiny_pond,
          kennysheep_decorative_pillar, uniq_ijyb, uniq_jessica
D:4:      layout_rooms, serial_shops, nicolae_shop_tiny_waterfront, shop,
          nicolae_shop_rolling_square, shop, nicolae_shop_industrial_runoff,
          dk_vineyard_3, minmay_checkerbox

Skill      XL: |  1  2  3  4  5  6  7 |
---------------+----------------------+-----
Polearms       | 4 5 6 7 8 |  8.0
Dodging        | 4 5 |  5.0
Fighting       | |  3.0

Action                     |  1- 3 |  4- 6 |  7- 9 || total
---------------------------+-------+-------+-------++-------
  Melee: Spear             |   106 |    31 |       ||   137
         Kick              |    26 |    32 |    12 ||    70
         Peck              |    18 |    20 |     4 ||    42
         Trident           |       |    86 |    28 ||   114
    Use: Potion            |     1 |     1 |       ||     2
         Scroll            |       |     2 |     1 ||     3
   Stab: Sleeping          |     5 |     5 |       ||    10
 Armour: Robe              |    22 |    50 |       ||    72
         Ring mail         |       |       |    16 ||    16
  Dodge: Dodged            |    48 |    68 |    30 ||   146

Table legend: (Time is in decaauts)
 A = Elapsed time spent in this place.
 B = Non-inter-level travel time spent in this place.
 C = Inter-level travel time spent in this place.
 D = Time resting spent in this place.
 E = Time spent auto-exploring this place.
 F = Levels seen in this place.
 G = Mean time per level.
                   A        B        C        D        E       F      G
               +--------+--------+--------+--------+--------+-----+--------+
         Total |   3342 |   3242 |    100 |    619 |   1708 |   5 |  668.4 |
       Dungeon |   2978 |   2878 |    100 |    462 |   1594 |   4 |  744.5 |
         Sewer |    363 |    363 |      0 |    157 |    114 |   1 |  363.0 |
               +--------+--------+--------+--------+--------+-----+--------+

Top non-repeatable levels by time:
     D:3: 1044 daAuts
     D:2: 984 daAuts
     D:1: 873 daAuts
   Sewer: 363 daAuts
     D:4: 76 daAuts
